 Dungeon Sprint DCSS version 0.25-a0-420-g1cc7eeb0d1 (webtiles) character file.

Game seed: 4360213445183055563, levelgen mode: deterministic

3324 Baz the Spear-Bearer (level 10, -1/89 HPs)
             Began as a Merfolk Skald on Jan 18, 2020.
             Was a Believer of Okawaru.
             Slain by Harold
             ... wielding a +0 dire flail of distortion
              (12 damage)
             ... in the Dungeon (Sprint III: "The Ten Rune Challenge").
             The game lasted 00:11:32 (3192 turns).

Baz the Spear-Bearer (Merfolk Skald)                Turns: 3192, Time: 00:11:33

Health: -1/89      AC: 11    Str: 15    XL:     10   Next: 2%
Magic:  11/15      EV: 21    Int: 13    God:    Okawaru [**....]
Gold:   1627       SH:  0    Dex: 13    Spells: 2/13 levels left

rFire    . . .     SeeInvis .   a - +0 spear
rCold    + . .     Gourm    .   (no shield)
rNeg     . . .     Faith    .   o - +4 ring mail {rC+}
rPois    .         Spirit   .   (no helmet)
rElec    .         Reflect  .   (no cloak)
rCorr    .         Harm     .   (no gloves)
MR       .....     NoTele   +   (no boots)
Stlth    ++........             (no amulet)
HPRegen  0.24/turn              (no ring)
MPRegen  0.14/turn              (no ring)

@: lethally poisoned (-1 -> -9), heroism, slowed, very slow
A: change form in water, swift swim, stealthy swim
a: Heroism, Renounce Religion


You were in the Dungeon.
You worshipped Okawaru.
Okawaru was pleased with you.
You were very hungry.

You visited 1 branch You collected 1999 gold pieces.
You spent 372 gold pieces at shops.

Inventory:

Hand Weapons
 a - a +0 spear (weapon)
Missiles
 b - 4 throwing nets (quivered)
Armour
 o - a +4 ring mail of cold resistance (worn)
Scrolls
 c - 2 scrolls of holy word {unknown}
 e - 2 scrolls of identify
 i - a scroll of fear {unknown}
 j - a scroll of blinking
 l - 3 scrolls of remove curse
Potions
 f - a potion of heal wounds
 g - a potion of haste
 h - 2 potions of magic
 k - a potion of ambrosia {unknown}
 m - 2 potions of flight
 n - 6 potions of mutation
Miscellaneous
 q - a fan of gales
Comestibles
 d - 4 rations


   Skills:
 + Level 12.2(17.2) Fighting
 - Level 13.0(18.0) Polearms
 + Level 6.6(11.6) Armour
 + Level 12.4(17.4) Dodging
 + Level 2.0 Spellcasting
 - Level 6.3 Hexes
 - Level 8.5 Charms
 - Level 3.5 Ice Magic
 - Level 6.8 Invocations


You had 2 spell levels left.
You knew the following spells:

 Your Spells              Type           Power        Failure   Level  Hunger
a - Infusion              Chrm           ###.         1%          1    ##.....
b - Song of Slaying       Chrm           ###.....     1%          2    ###....
c - Spectral Weapon       Hex/Chrm       ###.....     6%          3    ####...
d - Ozocubu's Armour      Chrm/Ice       ###.....     11%         3    ####...
e - Shroud of Golubria    Chrm/Tloc      ##....       11%         2    ###....

Your spell library contained the following spells:

 Spells                   Type           Power        Failure   Level  Hunger
 Corona                   Hex            ###....      3%          1    ##.....
 Animate Skeleton         Necr           N/A          38%         1    ##.....
 Apportation              Tloc           #.....       38%         1    ##.....
 Summon Small Mammal      Summ           #...         38%         1    ##.....


Dungeon Overview and Level Annotations

Branches:
Dungeon (1/1)

Altars:
Cheibriados
Dithmenos
Elyvilon
Fedhas
Gozag
Hepliaklqana
Kikubaaqudgha
Makhleb
Nemelex Xobeh
Okawaru
Qazlal
Ru
Sif Muna
Trog
Uskayaw
Vehumet
Wu Jian
Xom
Yredelemnul
Zin
The Shining One
Beogh
Jiyva
Lugonu

Shops:
D [

Annotations:
D Harold, Joseph


Message History

Your spectral weapon fades away.
Unknown command.
Unknown command.
You completely miss Harold.
Harold is heavily wounded.
You feel sick.
Joseph hits you with a +0 quarterstaff of freezing!
Joseph freezes you.
Harold hits you with a +0 dire flail of distortion!
* * * LOW HITPOINT WARNING * * *
Space bends around you.
* * * LOW HITPOINT WARNING * * *
You hit Harold.
Harold is heavily wounded.
Joseph hits you with a +0 quarterstaff of freezing!
* * * LOW HITPOINT WARNING * * *
Joseph freezes you.
* * * LOW HITPOINT WARNING * * *
Harold hits you with a +0 dire flail of distortion!
You die...

#)#####################
#))..#.#.#.....#......+
##[#).#.##.###)#......#
'##)#.#.##.#..##(.....#
#..)#..#..##.†'.......#
▓▓▓▓▓▓▓▓▓▓▓▓▓▓#(......#
#(......# +.......#
#@@.....# ##@###### ...
#...# #...# #####


You could see Harold and Joseph.

Vanquished Creatures
  Erolcha (D)
  A deep elf mage (D)
  2 redbacks (D)
  A shadow (D)
  A spatial vortex (D)
  A necrophage (D)
  5 two-headed ogres (D)
  A water elemental (D)
  A scorpion (D)
  4 orc priests (D)
  A jelly (D)
  3 orc wizards (D)
  Jessica (D)
  A wizard (D)
  A necromancer (D)
  3 humans (D)
  A kobold demonologist (D)
  An ooze (D)
  11 orcs (D)
  A rat (D)
42 creatures vanquished.

Vanquished Creatures (others)
  2 draconian scorchers (D)
  6 hellions (D)
  2 yaktaurs (D)
  6 spectral weapons (D)
16 creatures vanquished.

Grand Total: 58 creatures vanquished

Notes
Turn   | Place    | Note
-------+----------+-------------------------------------------
     0 | D        | Baz the Merfolk Skald began the quest for the Orb.
     0 | D        | Reached XP level 1. HP: 16/16 MP: 3/3
    19 | D        | Noticed Jessica
    23 | D        | Killed a yaktaur
    25 | D        | Killed Jessica
    25 | D        | Reached skill level 5 in Polearms
    25 | D        | Reached XP level 2. HP: 20/25 MP: 5/5
    25 | D        | Reached XP level 3. HP: 25/30 MP: 6/6
    76 | D        | Killed a hellion
    78 | D        | Learned a level 2 spell: Song of Slaying
    82 | D        | Learned a level 3 spell: Spectral Weapon
    93 | D        | Noticed a scorpion
   104 | D        | Killed a hellion
   104 | D        | Killed a hellion
   104 | D        | Killed a hellion
   116 | D        | Killed a scorpion
   116 | D        | Reached skill level 6 in Polearms
   116 | D        | Reached skill level 5 in Dodging
   116 | D        | Reached skill level 5 in Charms
   116 | D        | Reached XP level 4. HP: 21/38 MP: 7/7
   125 | D        | Reached skill level 5 in Fighting
   157 | D        | Killed a white draconian scorcher
   173 | D        | Killed a hellion
   173 | D        | Killed a hellion
   185 | D        | Killed a yaktaur
   218 | D        | Killed a white draconian scorcher
   452 | D        | Noticed a water elemental
   467 | D        | HP: 1/39 [water elemental (21)]
   470 | D        | Killed a water elemental
   470 | D        | Reached skill level 7 in Polearms
   470 | D        | Reached XP level 5. HP: 2/46 MP: 2/8
   772 | D        | Found a glowing silver altar of Zin.
   772 | D        | Found a glowing golden altar of the Shining One.
   772 | D        | Found a white marble altar of Elyvilon.
   772 | D        | Noticed a deep elf mage
   790 | D        | Killed a deep elf mage
   790 | D        | Reached skill level 10 in Polearms
   790 | D        | Reached XP level 6. HP: 10/56 MP: 6/9
   790 | D        | Reached XP level 7. HP: 11/62 MP: 6/10
   795 | D        | Learned a level 3 spell: Ozocubu's Armour
  1047 | D        | Found a hide-covered altar of Uskayaw.
  1047 | D        | Found a roughly hewn altar of Beogh.
  1047 | D        | Found an iron altar of Okawaru.
  1047 | D        | Found a bloodstained altar of Trog.
  1047 | D        | Found an ornate altar of the Wu Jian Council.
  1047 | D        | Noticed a human
  1047 | D        | Noticed a human
  1073 | D        | Killed a human
  1073 | D        | Reached skill level 11 in Polearms
  1073 | D        | Reached skill level 1 in Armour
  1092 | D        | Killed a human
  1092 | D        | Reached XP level 8. HP: 63/71 MP: 7/11
  1177 | D        | Found a basalt altar of Yredelemnul.
  1177 | D        | Found a shadowy altar of Dithmenos.
  1177 | D        | Found a sacrificial altar of Ru.
  1353 | D        | Became a worshipper of Warmaster Okawaru
  1361 | D        | Found a radiant altar of Vehumet.
  1361 | D        | Found a shimmering blue altar of Sif Muna.
  1361 | D        | Found an ancient bone altar of Kikubaaqudgha.
  1377 | D        | Reached skill level 12 in Polearms
  1450 | D        | Noticed a shadow
  1463 | D        | Killed a shadow
  1563 | D        | Reached skill level 10 in Fighting
  1753 | D        | Reached * piety under Okawaru
  1753 | D        | Reached skill level 13 in Polearms
  1775 | D        | Found a blossoming altar of Fedhas.
  1776 | D        | Found a stormy altar of Qazlal.
  1778 | D        | Found a snail-covered altar of Cheibriados.
  1778 | D        | Found a burning altar of Makhleb.
  1778 | D        | Found a shimmering altar of Xom.
  1779 | D        | Found a hazy altar of Hepliaklqana.
  1779 | D        | Found an opulent altar of Gozag.
  1779 | D        | Found a sparkling altar of Nemelex Xobeh.
  1779 | D        | Found a corrupted altar of Lugonu.
  1779 | D        | Found a viscous altar of Jiyva.
  1825 | D        | Reached skill level 10 in Dodging
  1825 | D        | Reached skill level 1 in Invocations
  2039 | D        | Noticed a two-headed ogre
  2097 | D        | Killed a two-headed ogre
  2097 | D        | Reached skill level 5 in Armour
  2097 | D        | Reached XP level 9. HP: 51/79 MP: 9/12
  2257 | D        | Noticed a two-headed ogre
  2257 | D        | Noticed Erolcha
  2272 | D        | Killed Erolcha
  2272 | D        | Reached ** piety under Okawaru
  2272 | D        | Reached skill level 5 in Invocations
  2355 | D        | Killed a two-headed ogre
  2907 | D        | Found Yqorram's Armour Shop.
  2966 | D        | Bought a +4 ring mail of cold resistance for 372 gold
                  | pieces
  2985 | D        | Learned a level 2 spell: Shroud of Golubria
  3027 | D        | Reached XP level 10. HP: 71/89 MP: 6/15
  3173 | D        | Noticed Harold
  3173 | D        | Noticed Joseph
  3192 | D        | Slain by Harold

Levels and vault maps discovered:
D:        dungeon_sprint_mu [sprint_mu_entry_forest, sprint_mu_temple_rooms,
          sprint_mu_d1_spiders, sprint_mu_d2_genie, sprint_mu_d3_branching,
          sprint_mu_orc_legion, sprint_mu_elf_gauntlet, sprint_mu_hive_nellie,
          sprint_mu_lair_fedhas, sprint_mu_vaults_butterflies,
          sprint_mu_slime_circle, sprint_mu_shoals_archi,
          sprint_mu_snake_twists, sprint_mu_blade_basic,
          sprint_mu_crypt_fortress, sprint_mu_tomb_spiral,
          sprint_mu_vestibule_basic, sprint_mu_gehenna_hellfire,
          sprint_mu_dis_giant, sprint_mu_tartarus_statrot,
          sprint_mu_cocytus_islands, sprint_mu_zot1]

Skill      XL: |  1  2  3  4  5  6  7  8  9 |
---------------+----------------------------+-----
Dodging        | 4 5 6 9 10 12 | 12.4
Fighting       | 3 4 5 8 9 10 12 | 12.2
Polearms       | 5 6 7 10 11 13 | 13.0
Charms         | 4 5 6 8 |  8.5
Hexes          | 2 3 6 |  6.3
Armour         | 2 5 6 |  6.6
Ice Magic      | 3 |  3.5
Invocations    | 3 6 |  6.8
Spellcasting   | |  2.0

Action                   |  1- 3 |  4- 6 |  7- 9 | 10-12 || total
-------------------------+-------+-------+-------+-------++-------
Melee: Spear             |    21 |    34 |   247 |    16 ||   318
       Tailslap          |       |       |     7 |       ||     7
       Punch             |       |       |     1 |       ||     1
 Cast: Spectral Weapon   |       |     3 |    17 |     1 ||    21
       Song of Slaying   |       |       |     2 |       ||     2
       Ozocubu's Armour  |       |       |     1 |       ||     1
       Infusion          |       |       |     1 |       ||     1
       Shroud of Golubri |       |       |     1 |       ||     1
Invok: Heroism           |       |       |     1 |     1 ||     2
  Use: Potion            |     1 |     1 |       |       ||     2
 Stab: Distracted        |       |       |     5 |       ||     5
       Sleeping          |       |       |     1 |       ||     1
  Eat: Chunk             |       |       |     6 |       ||     6
       Ration            |       |       |     1 |       ||     1
Armor: Leather armour    |     2 |       |       |       ||     2
       Ring mail         |       |       |     7 |       ||     7
Dodge: Dodged            |     6 |     7 |    68 |     8 ||    89

Table legend:
 A = Non-vault XP
 B = Vault XP
 C = Vault XP percentage of total XP
 D = Non-vault monster count
 E = Vault monster count
 F = Vault count percentage of total count
                 A         B        C        D         E       F
            +---------+---------+-------+---------+---------+-------
      Total |       0 |    4749 | 100.0 |       0 |      42 | 100.0
            +---------+---------+-------+---------+---------+-------
          D |       0 |    4749 | 100.0 |       0 |      42 | 100.0
            +---------+---------+-------+---------+---------+-------
